 Dungeon Crawl Stone Soup version 0.28.0-45-g0d030f2227 (webtiles) character file.

Game seed: 8608662276503075025

16 OrbIsHorse the Caller (level 2, 0/19 HPs)
             Began as a Merfolk Summoner on Apr 9, 2022.
             Was an Initiate of Zin.
             Slain by a kobold
             ... wielding a +0 short sword
              (4 damage)
             ... on level 3 of the Dungeon.
             The game lasted 00:05:05 (1103 turns).

OrbIsHorse the Caller (Merfolk Summoner)            Turns: 1103, Time: 00:05:07

Health: 0/19       AC:  2    Str:  8    XL:     2   Next: 58%
Magic:  1/5        EV: 13    Int: 14    God:    Zin [......]
Gold:   46         SH:  0    Dex: 14    Spells: 4/5 levels left

rFire   . . .      SeeInvis .   c - +0 dagger
rCold   . . .      Faith    .   (no shield)
rNeg    . . .      Spirit   .   a - +0 robe
rPois   .          Reflect  .   (no helmet)
rElec   .          Harm     .   (no cloak)
rCorr   .          Rampage  .   (no gloves)
Will    .....                   (no boots)
Stlth   ++........              (no amulet)
HPRegen 0.06/turn               (no ring)
MPRegen 0.09/turn               (no ring)

@: no status effects
A: (nimble swimmer 2), mertail
a: Renounce Religion, Donate Gold


You were on level 3 of the Dungeon.
You worshipped Zin.
Zin was noncommittal.
You visited 1 branch of the dungeon, and saw 3 of its levels.

You collected 51 gold pieces.
You donated 5 gold pieces to Zin.

Inventory:

Hand Weapons
 c - a +0 dagger (weapon)
 f - a +0 short sword
Missiles
 b - 28 stones (quivered)
 e - 2 boomerangs of dispersal
Armour
 a - a +0 robe (worn)
Scrolls
 d - a scroll of amnesia {unknown}


   Skills:
 + Level 3.0 Dodging
 + Level 2.2 Stealth
 + Level 2.1 Spellcasting
 + Level 4.4 Summonings


You had 4 spell levels left.
You knew the following spells:

 Your Spells              Type           Power      Damage    Failure   Level
a - Summon Small Mammal   Summ           52%        N/A       3%          1

Your spell library contained the following spells:

 Spells                   Type           Power      Damage    Failure   Level
 Call Imp                 Summ           13%        N/A       6%          2
 Call Canine Familiar     Summ           13%        N/A       12%         3
 Summon Guardian Golem    Hex/Summ       7%         N/A       28%         3
 Summon Lightning Spire   Summ/Air       7%         N/A       67%         4


Dungeon Overview and Level Annotations

Branches:
Dungeon (2/15)

Altars:
Zin


Innate Abilities, Weirdness & Mutations

((You are very nimble when in or above water. (Stealth+, EV+, Speed+++)))
Your lower body shifts to a powerful aquatic tail in water.


Message History

Your rat's corpse disappears in a puff of smoke!
The kobold hits you with a +0 club.
Throw: 30 stones
Press: ? - help, Q - select action, (/) - cycle Shift-Dir - straight line, f/p - kobold
Aim: a kobold, wielding a +0 dagger and quivering stones (50% to hit)
You throw a stone. The stone hits the kobold.
The kobold is moderately wounded.
The kobold misses you. The kobold barely misses you.
Casting: Summon Small Mammal (safe; 3% risk of failure)
Confirm with . or Enter, or press ? or * to list all spells.
The kobold hits you with a +0 dagger. The kobold hits you with a +0 club.
Casting: Summon Small Mammal (safe; 3% risk of failure)
Confirm with . or Enter, or press ? or * to list all spells.
You don't have enough magic to cast this spell.
Casting: Summon Small Mammal (safe; 3% risk of failure)
Confirm with . or Enter, or press ? or * to list all spells.
You don't have enough magic to cast this spell.
You hit the kobold but do no damage. The kobold hits you but does no damage.
The kobold hits your bat with a +0 dagger.
Your bat barely misses the kobold.
The kobold hits you with a +0 dagger.
* * * LOW HITPOINT WARNING * * *
The kobold barely misses you.
You hit the kobold but do no damage.
Your bat barely misses the kobold.
Your bat closely misses the kobold.
The kobold misses you.
The kobold hits your bat with a +0 dagger.
Your bat closely misses the kobold.
The kobold hits you with a +0 dagger.
* * * LOW HITPOINT WARNING * * *
The kobold closely misses you.
You closely miss the kobold.
The kobold is moderately wounded.
Your bat hits the kobold but does no damage.
The kobold barely misses you. The kobold completely misses you.
The kobold barely misses you.
Throw: 29 stones
Press: ? - help, Q - select action, (/) - cycle Shift-Dir - straight line, f/p - kobold
Aim: a kobold, wielding a +0 dagger and quivering stones (50% to hit)
You throw a stone. The stone barely misses the kobold.
Your bat closely misses the kobold. x2
The kobold hits you with a +0 short sword.
You die...

#......!#
#.......#
#.......#
....... .(...
#.K.#
##KKb#########
#.K@K.........
##<.##.######.
#<###.# #. #.#
#. ##.###
#.##....#
#.##.##.##
#.##.##..#
#.##.###.####...


You could see 5 kobolds and a friendly bat (summoned).

Vanquished Creatures
  A bat (D:3)
1 creature vanquished.

Vanquished Creatures (collateral kills)
  2 dart slugs
  An orc (D:3)
  A bat (D:3)
  2 endoplasms (D:2)
  A goblin (D:3)
  A hobgoblin (D:2)
  A kobold (D:3)
9 creatures vanquished.

Vanquished Creatures (others)
  8 toadstools (D:3)
8 creatures vanquished.

Grand Total: 18 creatures vanquished

Notes
Turn   | Place    | Note
-------+----------+-------------------------------------------
     0 | D:1      | OrbIsHorse the Merfolk Summoner began the quest for the
                  | Orb.
     0 | D:1      | Reached XP level 1. HP: 13/13 MP: 3/3
    75 | D:2      | Reached XP level 2. HP: 14/19 MP: 0/5
   280 | D:2      | You fall into a shaft and drop 1 floor!
   305 | D:3      | Found a glowing silver altar of Zin.
   579 | D:3      | Became a worshipper of Zin the Law-Giver
  1103 | D:3      | Slain by a kobold

Illustrated notes

Levels and vault maps discovered:
D:1:      lemuel_arrival_broad_hall, layout_rooms, roderic_serpentine_path,
          minmay_misc_feat_columns, minmay_misc_feat_iff, lemuel_flame_loot_1
D:2:      layout_rooms
D:3:      cheibrodos_fertilizer, layout_loops_ring, lemuel_round_altar,
          mainiacjoe_overflow_24_doors, shapermc_ecumenical_altar_flowoftime,
          hangedman_decor_peaks_small, nrook_campfire, hangedman_feature_mirror

Skill      XL: |  1  2 |
---------------+-------+-----
Dodging        | 3 |  3.0
Stealth        | |  2.2
Spellcasting   | |  2.1
Summonings     | |  4.4

Action                   || total
-------------------------++-------
Melee: Dagger            ||    15
       Unarmed           ||     2
Throw: Stone             ||     8
 Cast: Summon Small Mamm ||    32
Armor: Robe              ||     9
Dodge: Dodged            ||    31
